 Dungeon Crawl Stone Soup version 0.18-a0-640-g2c992fa (console) character file.

4 bli the Stinger (level 1, 0/13 HPs)
             Began as a Merfolk Venom Mage on Dec 5, 2015.
             Slain by a hobgoblin
             ... wielding a +0 club
              (4 damage)
             ... on level 1 of the Dungeon.
             The game lasted 00:01:52 (86 turns).

bli the Stinger (Merfolk Venom Mage)                  Turns: 86, Time: 00:01:52

Health: 0/13       AC:  2    Str:  8    XL:     1   Next: 60%
Magic:  0/3        EV: 13    Int: 14    God:
Gold:   12         SH:  0    Dex: 14    Spells: 1 memorised, 3 levels left

rFire  . . .     SeeInvis .     (no weapon)
rCold  . . .     Clarity  .     a - +0 robe
rNeg   . . .     SustAt   .     (no shield)
rPois  .         Gourm    .     (no helmet)
rElec  .         Spirit   .     (no cloak)
rCorr  .         Dismiss  .     (no gloves)
rMut   .         Stasis   .     (no boots)
MR     .....                    (no amulet)
Stlth  ++........               (no ring)
                                (no ring)

@: very slightly contaminated, not resistant to hostile enchantments, unstealthy
A: change form in water, swift swim
a: no special abilities


You were on level 1 of the Dungeon.
You were not hungry.

You visited 1 branch of the dungeon, and saw 1 of its levels.

You collected 12 gold pieces.

Inventory:

Armour
 a - a +0 robe (worn)
Books
 b - a Young Poisoner's Handbook

   Spells                             Type                      Level
   a - Sting                          Conjuration/Poison           1
   b - Cure Poison                    Poison                       2
   c - Mephitic Cloud                 Conjuration/Poison/Air       3
   d - Olgreb's Toxic Radiance        Poison                       4
   e - Venom Bolt                     Conjuration/Poison           5
Comestibles
 c - a bread ration


   Skills:
 * Level 0.2 Fighting
 + Level 2.6 Dodging
 + Level 2.1 Stealth
 * Level 2.1 Spellcasting
 + Level 4.4 Poison Magic


You had 3 spell levels left.
You knew the following spells:

 Your Spells              Type           Power        Failure   Level  Hunger
a - Sting                 Conj/Pois      #...         12%         1    #......


Dungeon Overview and Level Annotations

Branches:
Dungeon (1/15)

Altars:


Message History

The hobgoblin is lightly wounded.
You see here 12 gold pieces.
You now have 12 gold pieces.
The hobgoblin hits you but does no damage.
The hobgoblin barely misses you.
Casting: Sting
Confirm with . or Enter, or press ? or * to list all spells.
Aiming: Sting
Press: ? - help, Shift-Dir - straight line, f/p - hobgoblin
Aim: a hobgoblin, wielding a club (lightly wounded)
The sting hits the hobgoblin.
The hobgoblin appears unharmed.
The hobgoblin is lightly wounded.
You closely miss the hobgoblin.
The hobgoblin is lightly wounded.
The hobgoblin closely misses you.
A kobold comes into view. It is wielding a dagger of draining.
You hit the hobgoblin.
The hobgoblin is heavily wounded.
The hobgoblin hits you with a club.
You die...

#########
##.......####
##...........#
#..#######...####.
#..#.†...#........
##..#.≈≈≈.#..#####.
#...#.≈≈≈.#..#
#...#†≈≈X.#..#
#...#††...#g.#
##...#######@.#
#..#..........#
#####.###...<...#.#
........##.####...#
#.....#g...# #. ##
#.....#.#### #.
#.....#.# ..
##...##.# K.
#######.# # #.# #
#..


You could see a hobgoblin, a kobold and a neutral kraken.

Vanquished Creatures
  A bat (D:1)
  A kobold (D:1)
  A giant newt (D:1)
  A rat (D:1)
4 creatures vanquished.

Vanquished Creatures (others)
  A ghoul (D:1)
  2 octopodes (D:1)
  A vine stalker (D:1)
  A gargoyle (D:1)
  A troll (D:1)
  A vampire (D:1)
  A spriggan (D:1)
  A formicid (D:1)
  A naga (D:1)
  An orc (D:1)
  A kobold (D:1)
  11 tentacles (D:1)
  27 tentacle segments (D:1)
50 creatures vanquished.

Grand Total: 54 creatures vanquished

Notes
Turn   | Place    | Note
--------------------------------------------------------------
     0 | D:1      | bli the Merfolk Venom Mage began the quest for the Orb.
     0 | D:1      | Reached XP level 1. HP: 13/13 MP: 3/3
     0 | D:1      | Noticed a gargoyle
     0 | D:1      | Noticed a naga
     0 | D:1      | Noticed an octopode
     0 | D:1      | Noticed a troll
     0 | D:1      | Noticed a vampire
     0 | D:1      | Noticed a ghoul
     0 | D:1      | Noticed a kraken
     0 | D:1      | Noticed a vine stalker
     0 | D:1      | Noticed a formicid
     0 | D:1      | Noticed an octopode
     0 | D:1      | Noticed a spriggan
     4 | D:1      | Killed a troll
     5 | D:1      | Killed a gargoyle
     8 | D:1      | Killed a formicid
     9 | D:1      | Killed a vine stalker
    10 | D:1      | Killed a naga
    10 | D:1      | Killed an octopode
    15 | D:1      | Killed a spriggan
    18 | D:1      | Killed an octopode
    25 | D:1      | Killed a ghoul
    26 | D:1      | Killed a vampire
    86 | D:1      | Slain by a hobgoblin

Vault maps used:
D:1:      nicolae_arrival_kraken_aquarium_a, grunt_decor_cap

Action                   || total
-------------------------++-------
Melee: Unarmed           ||    15
 Cast: Sting             ||     5
